Map: Ascension to Aiur LE

Players

Yata

  • Race: Zerg Zerg
  • League: Platinum
  • Spawn Location: 5:00

Myhome - Winner!

  • Race: Terran Terran
  • League: Diamond
  • Spawn Location: 11:00

VOD

Have the link to the VOD?

Description

Time

  • Played on: Sept. 28, 2017, 10:50 p.m.
  • Length: 21:15
Show
View Real Time Build Order
Export as new Build Order

Yata Zerg 

Build Orders: Hatch First 

Get SALT Encoding   

  12  0:01  Drone  
  13  0:13  Overlord  
  13  0:17  Drone  
  14  0:31  Drone  
  14  0:32  Drone  
  14  0:35  Drone  
  17  0:55  Hatchery  
  17  0:56  Drone  
  17  0:59  Drone  
  18  1:09  Extractor  
  17  1:15  Spawning Pool  
  17  1:17  Drone  
  17  1:21  Drone  
  18  1:28  Drone  
  19  1:44  Overlord  
  19  2:01  Drone  
  19  2:04  Queen  
  22  2:08  Drone  
  22  2:09  Queen  
  22  2:10  Drone  
  22  2:12  Metabolic Boost  
  26  2:17  Evolution Chamber  
  26  2:18  Drone  
  26  2:24  Overlord  
  26  2:30  Zergling x4  
  27  2:56  Drone  
  28  3:01  Baneling Nest  
  27  3:06  Drone x5  
  27  3:09  Zergling x2  
  33  3:14  Zergling x2  
  33  3:15  Zergling x4  
  36  3:23  Pneumatized Carapace  
  36  3:31  Drone  
  37  3:36  Drone  
  37  3:37  Drone x4  
  42  3:45  Overlord x2  
  42  3:51  Drone x2  
  42  4:17  Zergling x10  
  42  4:20  Baneling x2  
  42  4:21  Baneling x2  
  47  4:25  Drone  
  48  4:33  Extractor, Drone x3  
  48  4:37  Drone x3  
  53  4:38  Hatchery  
  53  4:41  Queen  
  54  4:47  Zerg Melee Weapons Level 1  
  54  5:10  Overlord x5  
  54  5:26  Lair  
  54  5:28  Zergling x2, Queen  
  57  5:29  Zergling x10  
  57  5:33  Zergling x6  
  65  5:44  Drone x4  
  69  5:51  Drone  
  70  6:00  Drone, Evolution Chamber  
  70  6:03  Drone  
  66  6:28  Hydralisk Den  
  66  6:32  Drone x9  
  74  6:47  Zerg Missile Weapons Level 1  
  74  6:48  Zerg Ground Armor Level 1  
  74  6:53  Extractor, Drone x3  
  76  6:54  Overlord x4  
  76  7:04  Zergling x12  
  82  7:11  Hydralisk x5  
  92  7:27  Zergling x4  
  92  7:28  Zergling x10  
  99  7:33  Muscular Augments  
  99  7:53  Hydralisk  
  99  7:54  Hydralisk x4  
  109  8:00  Overlord  
  109  8:01  Overlord x2  
  106  8:08  Zergling x2  
  106  8:09  Zergling x14  
  110  8:15  Queen  
  110  8:16  Queen  
  110  8:17  Queen  
  116  8:34  Hydralisk x7  
  130  8:43  Extractor, Drone x3  
  130  8:44  Overlord x5  
  131  8:51  Queen  
  131  8:53  Hydralisk  
  131  8:54  Hydralisk x2  
  134  8:57  Zergling x8  
  136  9:03  Queen  
  136  9:04  Queen  
  140  9:11  Zergling x2  
  140  9:12  Zergling x12  
  147  9:25  Hydralisk  
  147  9:26  Queen, Hydralisk x5  
  149  10:05  Queen x2  
  149  10:06  Queen  
  154  10:18  Baneling x6  
  154  10:19  Baneling x5  
  154  10:20  Hydralisk x4  
  154  10:21  Hydralisk x2  
  154  10:24  Zergling x2  
  154  10:25  Zergling x16  
  167  10:40  Queen  
  169  10:44  Hydralisk  
  169  10:45  Hydralisk x3  
  169  10:48  Overlord x2  
  177  11:02  Infestation Pit  
  177  11:03  Zerg Missile Weapons Level 2  
  176  11:24  Zergling x8  
  176  11:25  Zergling x14  
  184  11:45  Zergling x14  
  190  11:50  Centrifical Hooks  
  190  12:02  Hatchery  
  189  12:22  Zergling x2  
  163  12:23  Zergling x20  
  165  12:32  Zergling x2  
  165  12:33  Zergling x6, Hatchery  
  165  12:37  Hydralisk x2  
  165  12:44  Zergling x2  
  170  12:59  Overlord x5  
  170  13:17  Baneling x7  
  170  13:18  Baneling x6  
  170  13:19  Zergling x18  
  178  13:27  Zergling x4  
  178  13:28  Zergling x8  
  130  13:43  Zergling x14  
  133  13:50  Zergling x2  
  133  13:51  Zergling x6  
  125  14:00  Queen  
  125  14:01  Queen x2  
  125  14:02  Queen  
  133  14:07  Hydralisk x3  
  133  14:08  Hydralisk x4  
  147  14:37  Zergling x14  
  154  14:42  Hatchery  
  142  14:53  Zergling x2  
  142  14:54  Zergling x18  
  149  15:01  Zergling x2  
  149  15:04  Zergling x4  
  152  15:12  Queen  
  154  15:26  Extractor  
  154  15:28  Drone x4  
  155  15:29  Drone x3  
  155  15:33  Zergling x2  
  155  15:34  Zergling x8  
  165  15:36  Baneling x3  
  165  15:37  Baneling x11  
  165  15:42  Overlord x2  
  164  15:53  Hive  
  164  15:54  Zerg Melee Weapons Level 2  
  164  15:58  Pathogen Glands  
  163  16:26  Hydralisk x8  
  163  16:27  Hydralisk x4  
  187  16:38  Zergling x2  
  187  16:39  Zergling x18  
  197  17:18  Overlord  
  197  17:19  Overlord x6  
  197  17:36  Queen  
  199  18:17  Zerg Ground Armor Level 2, Zerg Melee Weapons Level 3, Hatchery  
  198  18:25  Ultralisk Cavern, Queen  
  198  18:26  Queen  
  198  18:27  Queen x2  
  175  18:38  Hatchery  
  133  18:42  Zergling x10  
  133  18:43  Zergling x26  
  135  19:01  Zergling x16  
  115  19:15  Zergling x12  
  115  19:16  Zergling x8  
  108  19:19  Chitinous Plating  
  108  19:22  Ultralisk x3  
  108  19:23  Ultralisk  
  127  19:29  Zergling x10  
  127  19:30  Zergling x2  
  122  19:40  Queen  
  122  19:45  Zergling x12  
  123  19:58  Infestation Pit  
  117  20:00  Zergling x2  
  117  20:01  Zergling x10  
  121  20:16  Zergling x2  
  121  20:17  Zergling x16  
  130  20:25  Zergling x2  
  130  20:26  Zergling x6  
  134  20:41  Hatchery  
  133  20:54  Hydralisk Den  
Show
View Real Time Build Order
Export as new Build Order

Myhome Terran - Winner!

Build Orders: Reaper Expand, MMM Bio 

Get SALT Encoding   

  12  0:00  SCV  
  13  0:13  SCV  
  14  0:18  Supply Depot  
  14  0:25  SCV  
  15  0:39  SCV  
  15  0:41  Barracks  
  16  0:45  Refinery  
  16  0:51  SCV  
  17  1:03  SCV  
  18  1:15  SCV  
  19  1:28  Orbital Command  
  19  1:29  Reaper  
  20  1:44  Command Center  
  20  1:54  Supply Depot  
  20  1:55  SCV  
  21  2:02  Barracks Reactor  
  21  2:07  SCV  
  22  2:17  Barracks  
  22  2:21  SCV  
  23  2:31  Factory  
  23  2:50  Marine x2  
  26  2:51  SCV  
  26  2:58  Orbital Command  
  26  3:05  SCV  
  27  3:06  Barracks Tech Lab  
  27  3:10  Refinery  
  27  3:15  Starport  
  27  3:17  SCV  
  28  3:22  Marine x2  
  30  3:28  Supply Depot  
  30  3:29  SCV x2  
  30  3:31  Marine  
  33  3:40  Refinery  
  33  3:41  SCV  
  33  3:42  Refinery, Factory Tech Lab  
  33  3:43  Marine x2  
  33  3:46  Stimpack  
  36  3:49  SCV, Marine  
  36  3:53  SCV  
  38  4:09  Marine x3  
  41  4:10  SCV x2  
  43  4:17  Medivac  
  43  4:22  SCV  
  46  4:25  Barracks  
  46  4:26  Supply Depot  
  46  4:27  Marine  
  46  4:29  Engineering Bay  
  47  4:31  Marine  
  47  4:32  Engineering Bay  
  47  4:33  Marine  
  47  4:35  SCV  
  47  4:37  SCV  
  51  4:44  Marine  
  52  4:47  SCV  
  52  4:48  Medivac  
  52  4:49  Marine  
  52  4:51  Marine  
  57  4:57  Supply Depot, Terran Infantry Weapons Level 1  
  57  4:58  Supply Depot  
  57  5:02  Marine  
  58  5:12  Marine  
  59  5:16  Marine  
  59  5:20  Command Center  
  60  5:21  Marine  
  60  5:23  SCV x2  
  60  5:25  Barracks Reactor  
  63  5:35  Marine x2, SCV x2  
  65  5:39  Starport Reactor  
  65  5:41  Terran Infantry Armor Level 1  
  67  5:48  SCV x2  
  69  5:50  Siege Tank  
  69  5:54  Marine x2  
  74  6:00  SCV x2, Marine  
  77  6:11  Marine  
  77  6:21  Marine x3  
  78  6:28  SCV x2  
  78  6:30  Marine x2  
  82  6:34  Medivac  
  82  6:35  Medivac  
  82  6:39  Marine  
  87  6:40  SCV x2  
  87  6:43  Barracks  
  87  6:44  Barracks  
  87  6:45  Supply Depot  
  87  6:46  Supply Depot, Barracks  
  89  6:47  Supply Depot, Marine x2  
  89  6:48  Marine  
  89  6:50  Orbital Command  
  89  6:52  SCV  
  93  6:55  Refinery, Marine  
  93  6:56  Refinery  
  93  6:58  SCV  
  95  7:13  Marine x2  
  95  7:14  Marine x2  
  95  7:15  Marauder  
  101  7:16  SCV x3  
  104  7:24  Bunker  
  104  7:29  Supply Depot  
  104  7:32  Barracks Reactor, Barracks Tech Lab  
  104  7:33  Barracks Reactor  
  104  7:34  Marine x3  
  104  7:35  Marine  
  108  7:41  Armory  
  108  7:46  Supply Depot  
  108  7:49  Supply Depot, Missile Turret  
  108  7:53  Marine  
  108  7:54  Marine x3  
  108  7:55  SCV x2, Marauder x2  
  108  7:56  SCV  
  119  8:08  Marine x2  
  119  8:09  Marine x2  
  119  8:10  SCV x2  
  119  8:11  Marine x2, SCV  
  119  8:12  Medivac x2, Marine x2  
  134  8:16  Marauder  
  134  8:19  Marine  
  137  8:26  Marine x2  
  139  8:34  Marine x6  
  132  8:36  Marine, SCV x2  
  132  8:37  Marine, SCV  
  141  8:44  Supply Depot, Marine  
  141  8:45  Supply Depot x2  
  142  8:49  Marine  
  142  8:51  Marine x2  
  142  8:52  Marine x3  
  148  9:01  SCV  
  149  9:04  Terran Infantry Weapons Level 2, Terran Infantry Armor Level 2  
  149  9:06  SCV x2, Marauder x2  
  155  9:10  Supply Depot, Marine  
  155  9:11  Supply Depot  
  156  9:18  Combat Shields  
  156  9:20  Concussive Shells  
  156  9:21  Marine x6  
  162  9:27  Marine, Marauder x2  
  162  9:28  Marine  
  168  9:36  Supply Depot  
  168  9:38  Marine  
  168  9:39  Supply Depot  
  169  9:46  Marine x5  
  169  9:47  Marine  
  169  9:49  Marauder x2  
  169  9:50  Command Center  
  179  9:56  Marine x2  
  171  10:01  SCV  
  171  10:04  Marine  
  173  10:10  Marauder x2  
  177  10:23  Command Center  
  177  10:25  Sensor Tower  
  177  10:31  Marauder  
  177  10:32  Marauder  
  177  10:35  Sensor Tower  
  181  10:38  Marine x2  
  181  10:39  Marine x6  
  189  10:44  Barracks  
  189  10:45  Barracks  
  189  10:53  Marauder x2  
  189  10:56  Marine  
  194  11:14  Marauder x2  
  194  11:16  Marine x2  
  200  11:28  Terran Infantry Armor Level 3, Terran Infantry Weapons Level 3  
  183  12:25  Marine x2  
  183  12:26  Marine x3  
  188  12:47  Planetary Fortress  
  188  12:58  Command Center  
  188  13:02  Barracks Tech Lab x2, Marauder x2  
  188  13:04  Medivac x2  
  196  13:21  Marine x2  
  196  13:22  Marine x2  
  167  13:34  Medivac  
  153  13:44  Marine x3  
  153  13:45  Marine x5  
  153  13:46  Marauder  
  141  13:52  Marine x3  
  98  14:02  Barracks, Marine x5  
  101  14:03  Barracks x2, Marine x3  
  101  14:05  Barracks  
  101  14:07  Marauder  
  108  14:10  Marauder x3  
  108  14:13  Building Armor, Hi-Sec Auto Tracking  
  108  14:15  Orbital Command  
  114  14:20  Marine x6  
  114  14:21  Marine x2  
  114  14:23  Medivac x2  
  126  14:28  Drilling Claws  
  126  14:29  Marauder  
  128  14:32  Terran Vehicle Weapons Level 1, Marauder x3  
  128  14:37  Marine  
  128  14:38  Refinery x2, Marine x2  
  137  14:50  Marauder  
  139  14:53  Marauder x3  
  139  14:57  Marine x5  
  139  14:58  Barracks Tech Lab x2  
  150  15:00  Barracks Reactor  
  150  15:01  Barracks Reactor  
  150  15:07  Marine x3  
  150  15:08  Orbital Command  
  150  15:11  Marauder  
  155  15:14  Marine x2, Marauder x2  
  155  15:15  Marine x3, Marauder  
  155  15:21  Marine x2  
  168  15:23  Medivac x2  
  168  15:25  Marine x3  
  175  15:32  Marine x3  
  175  15:33  Marauder  
  180  15:36  Marauder x3  
  180  15:39  Marauder x2  
  180  15:41  Marine x6  
  196  15:43  Marine x3  
  199  15:50  Marine  
  200  16:14  Neosteel Frame  
  197  16:26  Marine x3  
  198  16:55  Marine x3  
  200  17:41  Factory Reactor  
  200  17:42  Marine x3  
  200  17:43  Marine, Marauder  
  200  17:44  Marauder x5  
  189  17:59  Missile Turret  
  189  18:05  Marauder x5  
  199  18:24  Marine  
  199  18:25  Missile Turret  
  170  18:44  Marine x5  
  170  18:46  Missile Turret  
  175  18:49  Marine x4  
  175  18:50  Marine x7  
  175  18:51  Marauder x2  
  190  19:02  Marine x4  
  194  19:07  Missile Turret  
  194  19:08  Marauder x2  
  194  19:09  Marauder  
  191  19:20  Marine x5  
  191  19:21  Marine x4  
  200  19:28  Missile Turret  
  197  19:40  Marine x2  
  197  19:41  Marine  
  200  19:48  Missile Turret  
  196  20:10  Missile Turret  
  192  20:30  Marine  
  192  20:31  Marine  
Tags
 
Add a new tag
Caveats
  • Supply blocks, unpowered buildings, or Contaminate may cause inaccurate times.
  • Supply counts are checked every 10 seconds.